 Dungeon Sprint DCSS version 0.29.1-1-gd02db6906a (webtiles) character file.

Game seed: 7289750688670131077

16727 Groucho the Peltast (level 12, -12/122 HPs)
             Began as a Minotaur Fighter on Oct 9, 2022.
             Was the Champion of Cheibriados.
             Mangled by an orc knight
             ... wielding a +2 dire flail of protection
              (35 damage)
             ... in the Dungeon (Sprint VII: "The Pits").
             The game lasted 00:09:57 (3366 turns).

Groucho the Peltast (Minotaur Fighter)              Turns: 3366, Time: 00:09:58

Health: -12/122    AC: 19    Str: 40    XL:     12   Next: 12%
Magic:  10/20      EV: 20    Int: 24    God:    Cheibriados [******]
Gold:   52         SH: 10    Dex: 25    Spells: 21/21 levels left

rFire   . . .      SeeInvis +   n - +14 obsidian axe {vorpal, Mesm Drain Fly SInv}
rCold   . . .      Faith    .   c - +0 buckler
rNeg    . . .      Spirit   .   r - +4 chain mail
rPois   .          Reflect  .   s - +2 hat {Will+}
rElec   .          Harm     .   (no cloak)
rCorr   .          Rampage  .   (no gloves)
Will    +....      NoTele   +   (no boots)
Stlth   ..........              (no amulet)
HPRegen 0.30/turn               d - +3 ring of strength
MPRegen 0.17/turn               j - +3 ring of evasion

@: flying, mesmerised, very slow
A: horns 2, retaliatory headbutt
a: Renounce Religion, Bend Time, Temporal Distortion, Slouch, Step From Time


You were in the Dungeon.
You worshipped Cheibriados.
Cheibriados was exalted by your worship.
You visited 1 branch You collected 52 gold pieces.

Inventory:

Hand Weapons
 a - a +0 war axe
 b - a +1 flail of protection
 n - the +14 obsidian axe (weapon) {vorpal, Mesm Drain Fly SInv}
   (You found it in the Dungeon)

   It inflicts extra damage upon your enemies.
   It occasionally summons demons to assist the wielder when it strikes in
   combat.
   Its wielder is mesmerised by any visible foes.
   It cannot be unequipped while any foes are visible.
   SInv:      It lets you see invisible.
   Fly:       It grants you flight.
   Drain:     It drains your maximum health when unequipped.
 o - a +2 vorpal hand axe
Armour
 c - a +0 buckler (worn)
 r - a +4 chain mail (worn)
 s - a +2 hat of willpower (worn)
 A - a +1 plate armour of fire resistance
Jewellery
 d - a +3 ring of strength (left hand)
 j - a +3 ring of evasion (right hand)
 u - a ring of see invisible
 z - a ring of protection from fire
Scrolls
 l - 5 scrolls of amnesia
 m - a scroll of summoning
 v - 8 scrolls of enchant armour
 w - 4 scrolls of enchant weapon
 x - a scroll of butterflies
 y - a scroll of blinking
Potions
 e - 11 potions of curing
 f - 3 potions of heal wounds
 g - 3 potions of haste
 h - 2 potions of magic
 i - 4 potions of berserk rage
 k - 2 potions of invisibility
 p - 3 potions of might
 q - 4 potions of mutation
 t - a potion of brilliance


   Skills:
 + Level 15.9 Fighting
 + Level 15.7 Axes
 + Level 15.9 Armour
 * Level 8.6 Dodging
 * Level 17.1 Shields
 * Level 5.4 Spellcasting
 + Level 13.1 Invocations


You had 21 spell levels left.
You didn't know any spells.
Your spell library was empty.

Dungeon Overview and Level Annotations

Branches:
Dungeon (1/1)

Altars:
Ashenzari
Cheibriados
Dithmenos
Elyvilon
Fedhas
Gozag
Hepliaklqana
Kikubaaqudgha
Makhleb
Nemelex Xobeh
Okawaru
Qazlal
Ru
Sif Muna
Trog
Uskayaw
Vehumet
Wu Jian
Xom
Yredelemnul
Zin
The Shining One
Jiyva
Lugonu


Innate Abilities, Weirdness & Mutations

You have a pair of horns on your head.
You reflexively headbutt those who attack you in melee.


Message History

The orc knight closely misses you.
The orc knight hits you with a +2 dire flail of protection!
* * * LOW HITPOINT WARNING * * *
Activating: Slouch (0% risk of failure)
Press: ? - help, Dir - look around, f - activate You can feel time thicken for a moment.
The orc knight hits you with a +0 long sword.
* * * LOW HITPOINT WARNING * * *
The merfolk closely misses you. The orc knight closely misses you.
You furiously retaliate!
You headbutt the orc knight, but do no damage.
An orc knight comes into view. It is wielding a +0 great sword.
Unknown command.
Unknown command.
You feel much better.
Visions of slaying the orc knight flood into your mind.
The orc knight shouts!
The orc knight misses you. You block the orc knight's attack.
The merfolk barely misses you.
Unknown command.
Unknown command.
Activating: Slouch (1% risk of failure)
Press: ? - help, Dir - look around, f - activate You can feel time thicken for a moment.
You kill the orc knight!
Cheibriados appreciates the change of pace.
The orc knight hits you from afar with a +0 bardiche!!
* * * LOW HITPOINT WARNING * * *
You block the merfolk's attack.
Unknown command.
Unknown command.
You feel much better.
Visions of slaying the orc warlord flood into your mind.
The merfolk hits you from afar with a +0 trident.
* * * LOW HITPOINT WARNING * * *
The orc knight hits you with a +2 great sword.
* * * LOW HITPOINT WARNING * * *
You block the orc warlord's attack.
The orc knight hits you with a +2 dire flail of protection!!
You die...

++###############################
.......................)........)
.................................
..##############@o##############[
..# #mooo..# #. ..# #.ooo..# #.
..# #.Xp.o.# #. ..# ###4o### #.
..# .o.. #. ..# .... #. [.# ....#
#. ..# #.


You could see 2 orc warlords, a vault guard, 8 orc knights, a merfolk, an orange
demon and a large abomination.

Vanquished Creatures
  Gastronok (D)
  A dire elephant (D)
  A great orb of eyes (D)
  A two-headed ogre (D)
  A catoblepas (D)
  A deep troll (D)
  2 flayed ghosts (D)
  A phantasmal warrior (D)
  A swamp dragon (D)
  A bog body (D)
  2 lindwurms (D)
  2 deep elf zephyrmancers (D)
  An orc sorcerer (D)
  An orc knight (D)
  An ugly thing (D)
  An unseen horror (D)
  A gargoyle (D)
  A kobold demonologist (D)
  An ice devil (D)
  An efreet (D)
  A wind drake (D)
  3 trolls (D)
  A tarantella (D)
  A tyrant leech (D)
  A jumping spider (D)
  A flying skull (D)
  A vampire (D)
  2 water elementals (D)
  5 yaks (D)
  A steam dragon (D)
  An acid dragon (D)
  A water moccasin (D)
  2 floating eyes (D)
  An orc warrior (D)
  A sky beast (D)
  A centaur (D)
  3 kobold brigands (D)
  A necrophage (D)
  A scorpion (D)
  6 killer bees (D)
  A jelly (D)
  An orc priest (D)
  An iguana (D)
  An orc wizard (D)
  A hell rat (D)
  A mummy (D)
  3 ufetubi (D)
  7 orcs (D)
  2 bats (D)
  A bat zombie (D)
  2 giant cockroaches (D)
  2 hobgoblins (D)
  2 jackals (D)
  A quokka (D)
  2 ball pythons (D)
  3 frilled lizards (D)
  2 kobolds (D)
  A quokka zombie (D)
92 creatures vanquished.

Vanquished Creatures (collateral kills)
  A hydra (D)
  A sea snake (shapeshifter) (D)
  An ice beast (D)
3 creatures vanquished.

Vanquished Creatures (others)
  A merfolk aquamancer (D)
1 creature vanquished.

Grand Total: 96 creatures vanquished

Notes
Turn   | Place    | Note
-------+----------+-------------------------------------------
     0 | D        | Groucho the Minotaur Fighter began the quest for the Orb.
     0 | D        | Reached XP level 1. HP: 19/19 MP: 0/0
    38 | D        | Found a bloodstained altar of Trog.
    38 | D        | Found a shimmering blue altar of Sif Muna.
    38 | D        | Found a viscous altar of Jiyva.
    38 | D        | Found a hazy altar of Hepliaklqana.
    38 | D        | Found an opulent altar of Gozag.
    39 | D        | Found a glowing golden altar of the Shining One.
    39 | D        | Found a glowing silver altar of Zin.
    39 | D        | Found a basalt altar of Yredelemnul.
    39 | D        | Found a shimmering altar of Xom.
    39 | D        | Found an ornate altar of the Wu Jian Council.
    39 | D        | Found a sacrificial altar of Ru.
    39 | D        | Found a stormy altar of Qazlal.
    39 | D        | Found an iron altar of Okawaru.
    39 | D        | Found a sparkling altar of Nemelex Xobeh.
    39 | D        | Found a burning altar of Makhleb.
    39 | D        | Found a blossoming altar of Fedhas.
    39 | D        | Found a white marble altar of Elyvilon.
    39 | D        | Found a shadowy altar of Dithmenos.
    39 | D        | Found a snail-covered altar of Cheibriados.
    41 | D        | Found a radiant altar of Vehumet.
    41 | D        | Found a corrupted altar of Lugonu.
    42 | D        | Found a hide-covered altar of Uskayaw.
    42 | D        | Found an ancient bone altar of Kikubaaqudgha.
    42 | D        | Found a broken altar of Ashenzari.
    58 | D        | Became a worshipper of Cheibriados the Contemplative
    74 | D        | Noticed a floating eye
    77 | D        | Killed a floating eye
    78 | D        | Reached skill level 5 in Axes
    78 | D        | Reached skill level 6 in Shields
    78 | D        | Reached XP level 2. HP: 30/30 MP: 0/3
    78 | D        | Reached XP level 3. HP: 37/37 MP: 0/4
    78 | D        | Reached XP level 4. HP: 44/44 MP: 0/5
    86 | D        | Reached * piety under Cheibriados
    90 | D        | Reached ** piety under Cheibriados
   328 | D        | Noticed a scorpion
   331 | D        | Reached *** piety under Cheibriados
   335 | D        | Killed a scorpion
   336 | D        | Reached XP level 5. HP: 47/51 MP: 5/7
   414 | D        | Noticed a sky beast
   414 | D        | Noticed a water moccasin
   426 | D        | Killed a water moccasin
   427 | D        | Reached skill level 7 in Shields
   427 | D        | Reached skill level 5 in Invocations
   427 | D        | Reached XP level 6. HP: 57/60 MP: 8/8
   434 | D        | Killed a sky beast
   434 | D        | Reached **** piety under Cheibriados
   435 | D        | Reached skill level 8 in Shields
   455 | D        | Reached ***** piety under Cheibriados
   465 | D        | Noticed a deep troll
   489 | D        | Killed a deep troll
   490 | D        | Reached skill level 10 in Shields
   490 | D        | Reached XP level 7. HP: 52/71 MP: 5/11
   681 | D        | Reached skill level 10 in Fighting
   681 | D        | Reached skill level 10 in Armour
   683 | D        | Reached XP level 8. HP: 74/79 MP: 12/12
   904 | D        | Noticed a flayed ghost
   914 | D        | Killed a flayed ghost
   915 | D        | Reached skill level 10 in Axes
   915 | D        | Reached skill level 11 in Shields
   919 | D        | Found the +14 obsidian axe {vorpal, Mesm Drain Fly SInv}
  1104 | D        | Noticed an orc sorcerer
  1109 | D        | Noticed a smoke demon
  1110 | D        | Killed an orc sorcerer
  1111 | D        | Reached XP level 9. HP: 66/89 MP: 14/14
  1369 | D        | Noticed a two-headed ogre
  1369 | D        | Noticed a troll
  1370 | D        | Reached ****** piety under Cheibriados
  1374 | D        | Killed a two-headed ogre
  1375 | D        | Reached skill level 12 in Shields
  1378 | D        | Killed a troll
  1379 | D        | Reached skill level 10 in Invocations
  1389 | D        | Noticed an ice devil
  1390 | D        | Noticed a wind drake
  1390 | D        | Noticed a phantasmal warrior
  1396 | D        | Killed a phantasmal warrior
  1396 | D        | Killed an ice devil
  1396 | D        | Killed a wind drake
  1397 | D        | Reached skill level 13 in Shields
  1397 | D        | Reached XP level 10. HP: 48/101 MP: 10/16
  1800 | D        | Noticed a red ugly thing
  1800 | D        | Noticed a catoblepas
  1802 | D        | Noticed a flayed ghost
  1803 | D        | Killed a red ugly thing
  1803 | D        | Noticed a deep elf zephyrmancer
  1819 | D        | Killed a catoblepas
  1822 | D        | Killed a flayed ghost
  1823 | D        | Killed a deep elf zephyrmancer
  1824 | D        | Reached skill level 14 in Shields
  2198 | D        | Noticed a gargoyle
  2201 | D        | Killed a gargoyle
  2220 | D        | Noticed a bog body
  2222 | D        | Killed a bog body
  2512 | D        | Noticed a swamp dragon
  2512 | D        | Noticed Gastronok
  2513 | D        | Noticed a lindwurm
  2517 | D        | Reached skill level 1 in Dodging
  2517 | D        | Noticed a soul eater
  2519 | D        | Reached skill level 1 in Spellcasting
  2519 | D        | Reached XP level 11. HP: 87/111 MP: 19/19
  2522 | D        | Reached skill level 15 in Shields
  2523 | D        | Killed a swamp dragon
  2527 | D        | Reached skill level 15 in Fighting
  2527 | D        | Reached skill level 15 in Armour
  2530 | D        | Killed a lindwurm
  2541 | D        | Reached skill level 5 in Dodging
  2547 | D        | Killed Gastronok
  2548 | D        | Reached skill level 15 in Axes
  2993 | D        | Noticed a lindwurm
  2996 | D        | Killed a lindwurm
  2997 | D        | Reached skill level 16 in Shields
  3128 | D        | Noticed a dire elephant
  3138 | D        | Killed a dire elephant
  3270 | D        | Noticed a six-headed hydra
  3270 | D        | Noticed a sea snake
  3272 | D        | Killed a six-headed hydra
  3274 | D        | Killed a sea snake
  3303 | D        | Noticed a deep elf zephyrmancer
  3308 | D        | Killed a deep elf zephyrmancer
  3354 | D        | Noticed a great orb of eyes
  3355 | D        | Noticed a merfolk aquamancer
  3355 | D        | Noticed an orc knight
  3355 | D        | Noticed an orc knight
  3355 | D        | Noticed an orc knight
  3355 | D        | Noticed an orc knight
  3355 | D        | Noticed an orc knight
  3356 | D        | Noticed an orc warlord
  3356 | D        | Noticed an orc warlord
  3356 | D        | Noticed an orc knight
  3357 | D        | Noticed an orc knight
  3358 | D        | Reached skill level 5 in Spellcasting
  3358 | D        | Noticed a vault guard
  3358 | D        | Noticed an orc knight
  3359 | D        | Killed a merfolk aquamancer
  3360 | D        | Reached XP level 12. HP: 49/122 MP: 20/20
  3361 | D        | Killed a great orb of eyes
  3362 | D        | Reached skill level 17 in Shields
  3366 | D        | Mangled by an orc knight

Illustrated notes

Levels and vault maps discovered:
D:        pitsprint [storerooms_1, entrance_room_1, metal_vault_1, armoury_1,
          mini_pit_1, grid_room_1, main_hall_1, silver_pit, the_coven_1,
          the_vestibule_1, steel_vault_5, golden_pit, hallway_of_sentries,
          crystal_vault_2, iron_vault_1, final_vault]

Skill      XL: |  1  2  3  4  5  6  7  8  9 10 11 12 |
---------------+-------------------------------------+-----
Fighting       | 6 7 9 10 11 13 14 15 | 15.9
Axes           | 5 6 7 9 11 12 14 15 | 15.7
Armour         | 6 7 9 10 11 13 14 15 | 15.9
Shields        | 6 7 10 11 13 14 16 17 | 17.1
Invocations    | 3 4 5 7 9 10 12 13 | 13.1
Dodging        | 1 8 |  8.6
Spellcasting   | 1 5 |  5.4

Action                   |  1- 3 |  4- 6 |  7- 9 | 10-12 || total
-------------------------+-------+-------+-------+-------++-------
Melee: War axe           |     3 |    12 |       |       ||    15
       Headbutt          |     1 |    10 |     7 |    22 ||    40
       Hand axe          |       |    36 |    16 |       ||    52
       Broad axe         |       |       |    12 |    70 ||    82
Invok: Slouch            |       |     2 |     4 |    10 ||    16
       Bend Time         |       |     1 |       |       ||     1
  Use: Potion            |       |     5 |     2 |     9 ||    16
       Scroll            |       |     1 |       |       ||     1
 Stab: Petrifying        |       |       |       |     1 ||     1
       Distracted        |       |       |       |     1 ||     1
Armor: Scale mail        |     1 |     7 |       |       ||     8
       Chain mail        |       |    23 |    11 |    32 ||    66
Dodge: Dodged            |     1 |    20 |    14 |    49 ||    84
Block: Buckler           |       |    18 |    17 |    32 ||    67
